cohdb
Replays
Latest Replays
All Replays
Popular Replays
Top Player Replays
Match Explorer
How It Works
Community
CoH3 Stats
Reddit
Sign in to upload your games and track your stats! →
Sign in with Steam
Match 45927374
Unlisted
Match 45927374
Overview
Messages
Build Orders
End
Panzergrenadier Squad
250 Light Carrier
Panzerpioneer Squad
Construct Light Support Kompanie
Fire Support Elements
Flakvierling Half-track
MG34 Team
Assault Mechanized Group
Construct Mechanized Kompanie
MG34 Team
StuG III D Assault Gun
Marder III Tank Destroyer
Selects Armored Support Battlegroup
Selects Salvage Kits
Selects Veteran Gunners
Selects Panzer Storm
Emergency Repair Kits
Assault Mechanized Group
StuG III D Assault Gun
Rapid Advance
Construct Panzerarmee Kommand
Selects Stuka Anti-tank Loiter
Pak 38 Mechanized Group
Stuka Anti-tank Loiter
Armored Reserves
MG34 Team
Stuka Anti-tank Loiter
Tiger Heavy Tank
A_Smoove
Finis
Dragon_Man
A Sassy Badger
SpankerFel
Strategist
Hisui
Vortech.FiveOh
0
0
Comments
sign in to comment!
No comments posted yet!